 Dungeon Crawl Stone Soup version 0.28.0-45-g0d030f2227 (webtiles) character file.

Game seed: 1997903083626297631

2433 mcbry74 the Cleaver (level 9, -3/70 HPs)
             Began as a Hill Orc Fighter on May 1, 2022.
             Was a Follower of Makhleb.
             Succumbed to a hornet's poison
             ... while paralysed by a hornet
             ... on level 7 of the Dungeon.
             The game lasted 00:30:18 (7495 turns).

mcbry74 the Cleaver (Hill Orc Fighter)              Turns: 7495, Time: 00:30:18

Health: -3/70      AC: 14    Str: 21    XL:     9   Next: 48%
Magic:  11/11      EV:  2    Int: 10    God:    Makhleb [*.....]
Gold:   675        SH:  0    Dex: 10    Spells: 8/8 levels left

rFire   . . .      SeeInvis +   a - +3 war axe
rCold   . . .      Faith    .   c - +0 buckler
rNeg    . . .      Spirit   .   z - +0 chain mail
rPois   .          Reflect  .   (no helmet)
rElec   .          Harm     .   (no cloak)
rCorr   .          Rampage  .   (no gloves)
Will    .....                   (no boots)
Stlth   ..........              (no amulet)
HPRegen 0.21/turn               x - +4 ring of protection
MPRegen 0.12/turn               y - ring of see invisible

@: paralysed, lethally poisoned (-3 -> -21), slowed
A: no striking features
a: Renounce Religion


You were on level 7 of the Dungeon.
You worshipped Makhleb.
Makhleb was aware of your devotion.
You visited 1 branch of the dungeon, and saw 7 of its levels.
You also visited: Sewer.

You collected 675 gold pieces.

Inventory:

Hand Weapons
 a - a +3 war axe (weapon)
 p - a +4 battleaxe
 t - the +11 mace of the Known World {protect, rPois rF+}
   (You found it on level 6 of the Dungeon)

   It grants its wielder temporary protection when it strikes (+7 to AC).
   rF:        It protects you from fire.
   rPois:     It protects you from poison.
 C - a +0 whip
Missiles
 j - 187 stones (quivered)
 D - 2 boomerangs
Armour
 b - a +0 scale mail
 c - a +0 buckler (worn)
 d - a +0 plate armour
 z - a +0 chain mail (worn)
Jewellery
 q - a ring of wizardry
 v - a ring of magical power
 x - a +4 ring of protection (left hand)
 y - a ring of see invisible (right hand)
Wands
 l - a wand of polymorph (9)
 s - a wand of paralysis (3)
 u - a wand of acid (13)
Scrolls
 e - a scroll of amnesia
 f - 4 scrolls of blinking
 k - 3 scrolls of fear
 m - 2 scrolls of magic mapping
 o - 2 scrolls of teleportation
 E - a scroll of summoning {unknown}
Potions
 g - 2 potions of heal wounds {unknown}
 h - a potion of mutation {unknown}
 i - 2 potions of flight {unknown}
 n - 2 potions of degeneration {unknown}
 w - 4 potions of curing
 A - a potion of lignification {unknown}
 B - 3 potions of attraction {unknown}


   Skills:
 - Level 3.6 Fighting
 * Level 13.5 Axes
 + Level 0.5(7.2) Maces & Flails
 + Level 1.9 Throwing
 + Level 6.4 Armour
 - Level 1.7 Dodging
 - Level 0.7 Stealth
 - Level 3.2 Shields
 + Level 3.5 Invocations


You had 8 spell levels left.
You didn't know any spells.
Your spell library contained the following spells:

 Spells                   Type           Power      Damage    Failure   Level
 Ignite Poison            Fire/Tmut/Pois 0%         N/A       100%        3
 Mephitic Cloud           Conj/Pois/Air  0%         N/A       100%        3
 Tukima's Dance           Hex            0%         N/A       100%        3
 Passage of Golubria      Tloc           0%         N/A       100%        4
 Freezing Cloud           Conj/Ice/Air   0%         6-21      100%        5
 Yara's Violent Unravell  Hex/Tmut       0%         3d3       100%        5


Dungeon Overview and Level Annotations

Branches:
Dungeon (7/15)              Sewer (visited)
 Temple: D:4-7

Altars:
Dithmenos
Gozag
Makhleb
Ru
Uskayaw


Message History

You feel very sick. The hornet stings you.
You feel as though you will be slow longer.
The hornet stings you!
You feel as though you will be slow longer.
You closely miss the hornet.
The hornet is moderately wounded.
You feel very sick. The hornet barely misses you. x2
You hit the hornet.
The hornet is heavily wounded.
You feel very sick. The hornet barely misses you. The hornet stings you!
* * * LOW HITPOINT WARNING * * *
You are lethally poisoned!
You feel as though you will be slow longer.
You feel better. The hornet completely misses you.
The hornet stings you but does no damage.
You closely miss the hornet.
The hornet is severely wounded.
The hornet looks more healthy.
The hornet stings you but does no damage.
The hornet stings you.
* * * LOW HITPOINT WARNING * * *
You are poisoned.
You feel as though you will be slow longer.
You barely miss the hornet.
The hornet is almost dead.
You feel very sick. The hornet barely misses you.
The hornet stings you but does no damage.
You closely miss the hornet.
The hornet is almost dead.
You feel sick. The hornet stings you.
* * * LOW HITPOINT WARNING * * *
You suddenly lose the ability to move!
The hornet stings you!
* * * LOW HITPOINT WARNING * * *
You are more poisoned.
You feel as though you will be slow longer.
You die...

###...........##
#............#
+.....#.###..#
###.#.#.#
##....#
#+#..#..#
#..#...##
#####.....##
#.@yl..#### #
####..##
#...##..# #....#
#..#..# #......:
..##....... #.#
#.......# #.
........#


You could see a hornet and an iguana.

Vanquished Creatures
  A hornet (D:6)
  A steam dragon (D:6)
  2 water moccasins (D:6)
  2 sky beasts
  An orc warrior (D:7)
  An ogre (D:6)
  2 necrophages (D:6)
  2 phantoms (D:6)
  A centaur (D:6)
  A kobold brigand (D:6)
  A gnoll sergeant (D:5)
  A bullfrog (Sewer)
  A scorpion (D:6)
  5 wights
  A bullfrog zombie (D:6)
  A jelly (D:3)
  Crazy Yiuf (D:6)
  2 hounds (D:5)
  A centaur skeleton (D:6)
  3 iguanas
  2 orc wizards (D:7)
  A hound skeleton (D:4)
  A howler monkey zombie (D:5)
  4 gnolls (D:5)
  14 adders
  A river rat (D:3)
  A shadow imp (D:6)
  2 white imps (D:6)
  2 ufetubi
  9 worms
  2 adder skeletons
  A dart slug (D:3)
  13 orcs
  3 bats
  16 endoplasms
  16 giant cockroaches
  11 goblins
  4 hobgoblins
  6 kobolds
  5 quokkas
  9 ball pythons
  9 frilled lizards
  4 rats
167 creatures vanquished.

Notes
Turn   | Place    | Note
-------+----------+-------------------------------------------
     0 | D:1      | mcbry74 the Hill Orc Fighter began the quest for the Orb.
     0 | D:1      | Reached XP level 1. HP: 19/19 MP: 1/1
     9 | D:1      | Reached skill level 3 in Axes
    81 | D:1      | Reached XP level 2. HP: 26/26 MP: 2/2
   297 | D:1      | Reached skill level 4 in Axes
   680 | D:2      | Reached XP level 3. HP: 26/31 MP: 3/3
   813 | D:2      | Found a faded altar of an unknown god.
  1121 | D:2      | Reached skill level 5 in Axes
  1550 | D:3      | Reached XP level 4. HP: 32/39 MP: 4/4
  1798 | D:3      | Found a glowing drain.
  1802 | Sewer    | Entered a sewer
  1884 | Sewer    | Reached skill level 6 in Axes
  1951 | Sewer    | Reached skill level 1 in Dodging
  2007 | Sewer    | Reached XP level 5. HP: 16/45 MP: 5/5
  2379 | Sewer    | Reached skill level 7 in Axes
  2379 | Sewer    | Reached XP level 6. HP: 45/51 MP: 6/6
  3280 | D:4      | Reached skill level 8 in Axes
  3606 | D:4      | Reached skill level 9 in Axes
  3606 | D:4      | Reached XP level 7. HP: 49/57 MP: 7/7
  3665 | D:4      | Found a burning altar of Makhleb.
  3665 | D:4      | Found an opulent altar of Gozag.
  3670 | D:4      | Became a worshipper of Makhleb the Destroyer
  3978 | D:4      | Found a shadowy altar of Dithmenos.
  4209 | D:5      | Entered Level 5 of the Dungeon
  4362 | D:5      | Reached skill level 10 in Axes
  4880 | D:5      | Found a hide-covered altar of Uskayaw.
  5138 | D:5      | Found a sacrificial altar of Ru.
  5142 | D:5      | Identified the +5 rapier of Sin Daom {flame, *Noise rC+
                  | SInv}
  5250 | D:6      | Noticed a steam dragon
  5273 | D:6      | Killed a steam dragon
  5274 | D:6      | Reached skill level 11 in Axes
  5274 | D:6      | Reached XP level 8. HP: 55/64 MP: 8/8
  5434 | D:6      | Reached * piety under Makhleb
  5796 | D:6      | Noticed a hornet
  5848 | D:6      | Reached skill level 12 in Axes
  5848 | D:6      | Reached skill level 5 in Armour
  6495 | D:6      | Reached skill level 1 in Invocations
  6568 | D:6      | Reached XP level 9. HP: 53/70 MP: 8/10
  6818 | D:6      | Reached skill level 13 in Axes
  6826 | D:6      | Reached skill level 1 in Throwing
  7037 | D:6      | Killed a hornet
  7064 | D:6      | Found a runed translucent door.
  7064 | D:6      | Identified the +11 mace of the Known World {protect, rPois
                  | rF+}
  7068 | D:6      | Noticed Crazy Yiuf
  7076 | D:6      | Killed Crazy Yiuf
  7480 | D:7      | Noticed a hornet
  7494 | D:7      | Paralysed by a hornet for 3 turns
  7494 | D:7      | HP: 1/70 [hornet (7)]
  7495 | D:7      | Succumbed to a hornet's poison

Illustrated notes

Levels and vault maps discovered:
D:1:      minmay_arrival_five_plusses, layout_rooms
D:2:      layout_loops_cross, basic_ecumenical_altar
D:3:      layout_loops_ring, gup_sewer_entry_spiral, serial_bayou_pond_a
D:4:      layout_basic, nicolae_dithmenos_shadow_blocks,
          gammafunk_temple_overflow_statue, nicolae_wormholes
D:5:      layout_basic, nicolae_uskayaw_murder_on_the_dancefloor,
          nicolae_overflow_crystal_walls
D:6:      minmay_polygon_palace, layout_layer_cave, minmay_puff,
          uniq_crazy_yiuf_cottage
D:7:      nicolae_cairo_tiling_large, layout_loops_ring,
          mainiacjoe_overflow_chevrons, minmay_temple_entry_large_hall,
          minmay_misc_feat_rugged

Skill      XL: |  1  2  3  4  5  6  7  8  9 |
---------------+----------------------------+-----
Axes           | 3 4 5 6 7 9 11 12 13 | 13.5
Dodging        | 1 |  1.7
Armour         | 4 5 6 |  6.4
Invocations    | 1 3 |  3.5
Throwing       | 1 |  1.9
Fighting       | |  3.6
Maces & Flails | |  0.5
Stealth        | |  0.7
Shields        | |  3.2

Action                   |  1- 3 |  4- 6 |  7- 9 || total
-------------------------+-------+-------+-------++-------
Melee: War axe           |    99 |   199 |   260 ||   558
Throw: Dart              |       |       |     7 ||     7
  Use: Potion            |       |     1 |     2 ||     3
       Scroll            |       |     6 |     7 ||    13
Armor: Scale mail        |    38 |    64 |    15 ||   117
       Chain mail        |       |       |    89 ||    89
Dodge: Dodged            |    40 |    82 |    74 ||   196
Block: Buckler           |    17 |    36 |    54 ||   107
